 Dungeon Crawl Stone Soup version 0.30-a0-860-g512cf1e979 (webtiles) character file.

Game seed: 17543758601785985603

42 browni3141 the Sneak (level 3, -1/20 HPs)
             Began as a Kobold Artificer on Mar 7, 2023.
             Hit by a stone thrown by a hobgoblin (3 damage)
             ... on level 2 of the Dungeon.
             The game lasted 00:01:42 (1510 turns).

browni3141 the Sneak (Kobold Artificer)             Turns: 1510, Time: 00:01:43

Health: -1/20      AC:  3    Str:  9    XL:     3   Next: 77%
Magic:  3/3        EV: 14    Int: 12    God:
Gold:   57         SH:  0    Dex: 17    Spells: 2/2 levels left

rFire   . . .      SeeInvis .    a - +0 club
rCold   . . .      Faith    .    (no shield)
rNeg    . . .      Spirit   .    b - +0 leather armour
rPois   .          Reflect  .    (no helmet)
rElec   .          Rampage  .    (no cloak)
rCorr   .                        (no gloves)
Will    .....                    (no boots)
Stlth   ++++                     (no amulet)
HPRegen 0.23/turn                (no ring)
MPRegen 0.08/turn                (no ring)

@: no status effects
A: small, no large weapons, nightstalker 3
a: no special abilities


You were on level 2 of the Dungeon.
You visited 1 branch of the dungeon, and saw 2 of its levels.

You collected 81 gold pieces.
You spent 24 gold pieces at shops.

Inventory:

Hand Weapons
 a - a +0 club (weapon)
Armour
 b - a +0 leather armour (worn)
Jewellery
 j - a ring of ice
Wands
 c - a wand of flame (4) (quivered)
 d - a wand of charming (14)
 e - a wand of iceblast (5)
Scrolls
 f - 3 scrolls of teleportation
 h - a scroll of fear
 k - a scroll of identify
Potions
 g - a potion of brilliance {unknown}
 i - a potion of curing {unknown}
 l - a potion of might {unknown}


   Skills:
 - Level 1.1 Fighting
 + Level 1.4 Maces & Flails
 - Level 0.7 Armour
 - Level 2.4 Dodging
 * Level 4.0 Stealth
 - Level 3.6 Evocations


You had 2 spell levels left.
You didn't know any spells.
Your spell library contained the following spells:

 Spells                   Type           Power      Damage    Failure   Level
 Kindle Blastsparks       Fire/Tloc/Air  0%         2d10      80%         3
 Fulminant Prism          Conj/Hex       0%         3d5       99%         4
 Iskenderun's Mystic Bla  Conj/Tloc      0%         2d3       99%         4
 Lee's Rapid Deconstruct  Erth           0%         3d4*      100%        5


Dungeon Overview and Level Annotations

Branches:
Dungeon (2/15)

Altars:

Shops:
D:1 ?


Innate Abilities, Weirdness & Mutations

You are small and have problems with some larger weapons.
You are completely attuned to the shadows.


Message History

Aiming: Throw Flame
Press: ? - help, Q - select action, (/) - cycle Shift-Dir - straight line, f - hobgoblin
Aim: a hobgoblin, wearing a +0 ring mail and quivering stones (75% to hit)
The puff of flame hits the endoplasm.
You kill the endoplasm!
The hobgoblin throws a stone.
The stone barely misses you.
The hobgoblin throws a stone.
The stone barely misses you. The quokka attacks as you move away!
The quokka bites you. The quokka attacks as you move away!
The quokka bites you.
Aiming: Charm
Press: ? - help, Shift-Dir - straight line, f/p - hobgoblin
Aim: a hobgoblin, wearing a +0 ring mail and quivering stones (chance to affect: 74%)
The quokka is charmed.
Something barely misses your quokka.
The hobgoblin throws a stone.
The stone barely misses your quokka. The stone hits you.
* * * LOW HITPOINT WARNING * * *
Something bites your quokka.
Your quokka closely misses something.
Your quokka misses something.
The hobgoblin closely misses your quokka.
Your quokka bites something but does no damage.
Something barely misses your quokka.
The hobgoblin throws a stone.
The stone hits you.
* * * LOW HITPOINT WARNING * * *
Aiming: Throw Flame
Press: ? - help, Q - select action, (/) - cycle Shift-Dir - straight line, f/p - hobgoblin
Aim: a hobgoblin, wearing a +0 ring mail and quivering stones (75% to hit)
The puff of flame hits the hobgoblin.
The hobgoblin is severely wounded.
Unknown command.
Aiming: Throw Flame
Press: ? - help, Q - select action, (/) - cycle Shift-Dir - straight line, f/p - hobgoblin
Aim: a hobgoblin, wearing a +0 ring mail and quivering stones (heavily wounded, 75% to hit)
The puff of flame misses the hobgoblin.
Unknown command.
Aiming: Throw Flame
Press: ? - help, Q - select action, (/) - cycle Shift-Dir - straight line, f/p - hobgoblin
Aim: a hobgoblin, wearing a +0 ring mail and quivering stones (heavily wounded, 75% to hit)
The puff of flame misses the hobgoblin.
The hobgoblin throws a stone.
The stone hits you.
You die...

####..## #. #. #.....#
##> #...r## #..
###...#### .. #.#
##.....# #.## ##.#
#####..#.######..## #..#
......g......###..###.##
............#......#..#
..~~...@....#####..#.##
.~.†~.......## #..#.#
~~..~..~~†..~## ##...#
~(.~..~..~..~~# #..##
...~.⌠~..~..~~# ##.#
..~..~⌠.~...~~##...†.#
..~).~..~..~~~##.#####
...~~..~..~~~###
.......~..~.##


You could see a hobgoblin.

Vanquished Creatures
  2 adders (D:2)
  2 dart slugs
  3 endoplasms
  3 kobolds
  2 quokkas
  A ball python (D:1)
  5 bats
  A frilled lizard (D:1)
  3 rats
22 creatures vanquished.

Vanquished Creatures (others)
  A quokka (D:2)
1 creature vanquished.

Grand Total: 23 creatures vanquished

Notes
Turn   | Place    | Note
-------+----------+-------------------------------------------
     0 | D:1      | browni3141 the Kobold Artificer began the quest for the
                  | Orb.
     0 | D:1      | Reached XP level 1. HP: 12/12 MP: 1/1
   110 | D:1      | Found Toirol's Magic Scroll Shoppe.
   241 | D:1      | Reached skill level 2 in Stealth
   337 | D:1      | Reached XP level 2. HP: 12/16 MP: 2/2
   489 | D:1      | Bought a scroll of identify for 24 gold pieces
  1097 | D:2      | Reached skill level 1 in Maces & Flails
  1097 | D:2      | Reached skill level 3 in Stealth
  1097 | D:2      | Reached XP level 3. HP: 20/20 MP: 3/3
  1456 | D:2      | Reached skill level 4 in Stealth
  1507 | D:2      | HP: 1/20 [hobgoblin/stone (2)]
  1510 | D:2      | Hit by a stone thrown by a hobgoblin

Illustrated notes

Levels and vault maps discovered:
D:1:      heliophobic_arrival_dark_side_of_the_moon, layout_loops_ring,
          serial_shops, nicolae_shop_waterfront,
          hangedman_decor_clover_reticule, minmay_misc_feat_tower,
          hangedman_glass_teeth
D:2:      cheibrodos_helix_gallery, layout_rooms, st_stairs_6

Skill      XL: |  1  2  3 |
---------------+----------+-----
Stealth        | 2 3 4 |  4.0
Maces & Flails | 1 |  1.4
Fighting       | |  1.1
Armour         | |  0.7
Dodging        | |  2.4
Evocations     | |  3.6

Action                     || total
---------------------------++-------
  Melee: Club              ||   136
         Punch             ||     2
  Evoke: Wand              ||    12
    Use: Scroll            ||     2
   Stab: Sleeping          ||     8
 Armour: Leather armour    ||    43
  Dodge: Dodged            ||   173

Table legend: (Time is in decaauts)
 A = Elapsed time spent in this place.
 B = Non-inter-level travel time spent in this place.
 C = Inter-level travel time spent in this place.
 D = Time resting spent in this place.
 E = Time spent auto-exploring this place.
 F = Levels seen in this place.
 G = Mean time per level.
                   A        B        C        D        E       F      G
               +--------+--------+--------+--------+--------+-----+--------+
         Total |   1549 |   1492 |     57 |      0 |   1177 |   2 |  774.5 |
       Dungeon |   1549 |   1492 |     57 |      0 |   1177 |   2 |  774.5 |
               +--------+--------+--------+--------+--------+-----+--------+

Top non-repeatable levels by time:
     D:1: 1052 daAuts
     D:2: 496 daAuts
